 Dungeon Crawl Stone Soup version 0.30.1-11-g7821555f0a (webtiles) character file.

Game seed: 1824411702500722794

1 KittyFluff the Trooper (level 1, 0/14 HPs)
             Began as a Gargoyle Berserker on Nov 24, 2023.
             Was a Follower of Trog.
             Slain by a gnoll
             ... wielding a +0 whip
              (8 damage)
             ... on level 1 of the Dungeon.
             The game lasted 00:00:15 (47 turns).

KittyFluff the Trooper (Gargoyle Berserker)           Turns: 47, Time: 00:00:16

Health: 0/14       AC:  4    Str: 20    XL:     1   Next: 20%
Magic:  1/1        EV: 11    Int:  7    God:    Trog [*.....]
Gold:   12         SH:  0    Dex:  9    Spells: 0/0 levels left

rFire   . . .        a - +0 mace
rCold   . . .        (no shield)
rNeg    + . .        b - +0 animal skin
rPois   ∞            (no helmet)
rElec   +            (no cloak)
rCorr   .            (no gloves)
SInv    .            (no boots)
Will    .....        (no amulet)
Stlth   +            (no ring)
HPRegen 0.22/turn    (no ring)
MPRegen 0.07/turn

%: no passive effects
@: no status effects
A: sickness immunity, AC +2, negative energy resistance 1, electricity
resistance, torment resistance 1, petrification resistance
a: Renounce Religion, Berserk


You were on level 1 of the Dungeon.
You worshipped Trog.
Trog was aware of your devotion.
You visited 1 branch of the dungeon, and saw 1 of its levels.

You collected 12 gold pieces.

Inventory:

Hand Weapons
 a - a +0 mace (weapon)
Armour
 b - a +0 animal skin (worn)


   Skills:
 + Level 3.3 Fighting
 * Level 3.0 Maces & Flails
 * Level 2.2 Armour
 + Level 1.5 Dodging
 + Level 0.0 Stealth


You couldn't memorise any spells.
You didn't know any spells.
Your spell library was empty.

Dungeon Overview and Level Annotations

Branches:
Dungeon (1/15)

Altars:


Innate Abilities, Weirdness & Mutations

You are immune to sickness and miasma.
Your stone body is resilient. (AC +2)
You are immune to poison.
You resist negative energy. (rN+)
You are resistant to electric shocks. (rElec)
You are resistant to unholy torment.
You are immune to petrification.


Message History

Found an escape hatch in the floor.
There is an escape hatch in the floor here.
You open the door.
Found 12 gold pieces.
There is an open door here.
Found a war axe.
A hobgoblin comes into view.
The hobgoblin shouts!
You now have 12 gold pieces.
There are no items here.
A quokka comes into view.
You hit the hobgoblin.
You kill the hobgoblin!
Trog accepts your kill.
You see here a hobgoblin corpse.
A gnoll comes into view. It is wielding a +0 whip.
The gnoll shouts!
You hear an angry hiss.
You hit the quokka.
The quokka is severely wounded.
The quokka bites you but does no damage.
You barely miss the quokka.
The quokka is severely wounded.
The quokka bites you. The quokka closely misses you.
You barely miss the quokka.
The quokka is severely wounded.
The quokka bites you.
You closely miss the quokka.
The quokka is severely wounded.
The quokka bites you but does no damage. x2
The gnoll hits you with a +0 whip.
You closely miss the quokka.
The quokka is severely wounded.
The quokka bites you but does no damage.
The gnoll barely misses you. The quokka closely misses you.
You hit the quokka.
You kill the quokka!
Trog accepts your kill. The gnoll hits you with a +0 whip!
Ouch! That really hurt!
You die...

# . ....... .# ..
....... .#...
....... ......
....... ###......
....... #...#
.......##.###
...)..g#†.#
.......@..#
......###.###### #
..... ##'##Z#Z#
##### #...
###...#########Z#Z#
#..
#Z#.>.....#^#^#####
#.
###...###.#####....
. ##+##Z#.......###
###########^#
#Z#Z#Z#^###


You could see a gnoll.

Vanquished Creatures
  A hobgoblin (D:1)
  A quokka (D:1)
2 creatures vanquished.

Notes
Turn   | Place    | Note
-------+----------+-------------------------------------------
     0 | D:1      | KittyFluff the Gargoyle Berserker began the quest for the
                  | Orb.
     0 | D:1      | Reached XP level 1. HP: 14/14 MP: 1/1
    10 | D:1      | Noticed a minotaur skeleton
    19 | D:1      | Noticed a minotaur skeleton
    47 | D:1      | Slain by a gnoll

Illustrated notes

Levels and vault maps discovered:
D:1:      shiori_arrival_whats_in_store_for_you, layout_basic,
          serial_bayou_ford_a, chequers_decorated_corner, hangedman_glass_teeth

Action                     || total
---------------------------++-------
  Melee: Mace              ||     7
 Armour: Animal skin       ||     4
  Dodge: Dodged            ||     3
